 Dungeon Crawl Stone Soup version 0.28-a0-249-g9004c80361 (webtiles) character file.

Game seed: 4368376592449213408

51 Malachi the Shield-Bearer (level 3, 0/26 HPs)
             Began as an Octopode Fighter on Aug 26, 2021.
             Was a Follower of Jiyva.
             Succumbed to an orc's poison
             ... on level 2 of the Dungeon.
             The game lasted 00:00:58 (1085 turns).

Malachi the Shield-Bearer (Octopode Fighter)        Turns: 1085, Time: 00:00:59

Health: 0/26       AC:  1    Str: 15    XL:     3   Next: 83%
Magic:  3/3        EV: 11    Int: 11    God:    Jiyva [*.....]
Gold:   77         SH:  8    Dex: 11    Spells: 2/2 levels left

rFire   . . .      SeeInvis .   a - +0 rapier
rCold   . . .      Faith    .   b - +0 kite shield
rNeg    . . .      Spirit   .   (helmet restricted)
rPois   .          Reflect  .   (no amulet)
rElec   .          Harm     .   (no ring)
rCorr   .          Rampage  .   (no ring)
Will    .....                   (no ring)
Stlth   +++.......              (no ring)
HPRegen 0.08/turn               (no ring)
MPRegen 0.08/turn               (no ring)
                                (no ring)
                                (no ring)

@: mighty, lethally poisoned (0 -> -24), flying
A: almost no armour, amphibious, 8 rings, camouflage 1, gelatinous body 1,
(nimble swimmer 1), tentacles
a: Renounce Religion, Request Jelly


You were on level 2 of the Dungeon.
You worshipped Jiyva.
Jiyva was aware of your devotion.
You visited 1 branch of the dungeon, and saw 2 of its levels.

You collected 77 gold pieces.

Inventory:

Hand Weapons
 a - a +0 rapier (weapon)
Armour
 b - a +0 kite shield (worn)
Jewellery
 j - an amulet of magic regeneration
Scrolls
 d - a scroll of enchant armour {unknown}
 f - a scroll of fog {unknown}
 g - a scroll of noise {unknown}
 h - a scroll of teleportation {unknown}
 k - a scroll of identify {unknown}


   Skills:
 + Level 3.3 Fighting
 + Level 2.7 Short Blades
 + Level 3.3 Dodging
 + Level 1.6 Stealth
 + Level 3.4 Shields


You had 2 spell levels left.
You didn't know any spells.
Your spell library was empty.

Dungeon Overview and Level Annotations

Branches:
Dungeon (2/15)

Altars:
Jiyva


Innate Abilities, Weirdness & Mutations

You cannot wear most types of armour.
You are amphibious.
You can wear up to eight rings at the same time.
Your skin changes colour to match your surroundings (Stealth+).
Your rubbery body absorbs attacks. (AC +1, EV +1)
((You are camouflaged near water. (Stealth+)))
You have tentacles for arms and can constrict up to eight enemies at once.


Message History

You are too injured to fight recklessly!
You are too injured to fight recklessly!
You are too injured to fight recklessly!
You are too injured to fight recklessly!
You are too injured to fight recklessly!
You are too injured to fight recklessly!
You are too injured to fight recklessly!
You are too injured to fight recklessly!
You are too injured to fight recklessly!
You are too injured to fight recklessly!
You are too injured to fight recklessly!
You are too injured to fight recklessly!
You are too injured to fight recklessly!
You are too injured to fight recklessly!
You are too injured to fight recklessly!
You are too injured to fight recklessly!
You are too injured to fight recklessly!
You are too injured to fight recklessly!
You are too injured to fight recklessly!
Unknown command.
It was a potion of flight.
You feel very buoyant.
You fly up into the air.
You constrict the orc.
* * * LOW HITPOINT WARNING * * *
You feel very sick. The orc priest closely misses you.
You block the orc's attack.
It was a potion of heal wounds.
You feel much better.
You constrict the orc.
You feel very sick. The orc priest hits you with a +0 mace! The orc misses you.
You feel very mighty all of a sudden.
You constrict the orc.
You feel sick. You block the orc priest's attack.
The orc hits you with a +2 flail of venom!
* * * LOW HITPOINT WARNING * * *
You are more poisoned.
You puncture the orc priest! Your grab misses the orc priest.
You squeeze the orc priest.
You kill the orc priest!
You constrict the orc.
You kill the orc!
You die...

#####....####.
.............##. ##
................ #.
...........##.#. # #.
.#.#.......##.#.
#.##.#..........###...
..... ........# #### #
#))# .###....######
#.##.@##.# #.........#
#........# #......>...
####..#### #.........#
#....#............#
#....####.<........
#..........#......#
#....#.....#......#
#....####..#......#
#....# #..#.....>#


There were no monsters in sight!

Vanquished Creatures
  An orc priest (D:2)
  An orc wizard (D:2)
  2 orcs (D:2)
  5 ball pythons (D:1)
  A goblin (D:1)
  5 hobgoblins
  2 quokkas (D:1)
  2 bats (D:1)
  2 frilled lizards
  2 kobolds (D:1)
  5 rats
28 creatures vanquished.

Vanquished Creatures (others)
  An adder (D:2)
  An orc (D:2)
  A ball python (D:1)
  An endoplasm (D:2)
  A giant cockroach (D:2)
  A hobgoblin (D:2)
  A rat (D:2)
  8 plants (D:1)
15 creatures vanquished.

Grand Total: 43 creatures vanquished

Notes
Turn   | Place    | Note
-------+----------+-------------------------------------------
     0 | D:1      | Malachi the Octopode Fighter began the quest for the Orb.
     0 | D:1      | Reached XP level 1. HP: 16/16 MP: 1/1
   145 | D:1      | Found a faded altar of an unknown god.
   156 | D:1      | Became a worshipper of Jiyva Judyrch the Shapeless
   156 | D:1      | Reached * piety under Jiyva
   228 | D:1      | Reached XP level 2. HP: 19/21 MP: 2/2
   760 | D:2      | Reached XP level 3. HP: 26/26 MP: 3/3
  1081 | D:2      | Reached skill level 1 in Stealth
  1085 | D:2      | Succumbed to an orc's poison

Illustrated notes

Levels and vault maps discovered:
D:1:      minmay_arrival_jagged, layout_rooms, serial_forest,
          infiniplex_forest_split, infiniplex_forest_corner_1,
          infiniplex_forest_split, infiniplex_forest_straight_2,
          infiniplex_forest_side_room, infiniplex_forest_end_1,
          infiniplex_forest_clump_tiny, infiniplex_forest_clump_long,
          hellmonk_ecumenical_altar_heavens_door, minmay_tetromino_t2
D:2:      minmay_evil_eye, layout_basic

Skill      XL: |  1  2  3 |
---------------+----------+-----
Stealth        | 1 |  1.6
Fighting       | |  3.3
Short Blades   | |  2.7
Dodging        | |  3.3
Shields        | |  3.4

Action                   || total
-------------------------++-------
Melee: Rapier            ||    40
       Constrict         ||    10
       Tentacles         ||     7
  Use: Potion            ||     3
 Stab: Sleeping          ||     7
Armor: Skin              ||     1
Dodge: Dodged            ||    16
Block: Kite shield       ||    17

Table legend: (Time is in decaauts)
 A = Elapsed time spent in this place.
 B = Non-inter-level travel time spent in this place.
 C = Inter-level travel time spent in this place.
 D = Time resting spent in this place.
 E = Time spent auto-exploring this place.
 F = Levels seen in this place.
 G = Mean time per level.
                   A        B        C        D        E       F      G
               +--------+--------+--------+--------+--------+-----+--------+
         Total |   1097 |   1072 |     25 |      0 |    859 |   2 |  548.5 |
       Dungeon |   1097 |   1072 |     25 |      0 |    859 |   2 |  548.5 |
               +--------+--------+--------+--------+--------+-----+--------+

Top non-repeatable levels by time:
     D:1: 670 daAuts
     D:2: 427 daAuts
